 Dungeon Crawl Stone Soup version 0.29.1-13-g9f3cf754e1 (webtiles) character file.

Game seed: 9578333834371836301

261 Sanktem7 the Trooper (level 5, -6/50 HPs)
             Began as a Minotaur Fighter on Jan 25, 2023.
             Mangled by Pikel
             ... wielding a +2 whip of freezing
              (8 damage)
             ... on level 4 of the Dungeon.
             The game lasted 00:05:11 (2713 turns).

Sanktem7 the Trooper (Minotaur Fighter)             Turns: 2713, Time: 00:05:12

Health: -6/50      AC:  3    Str: 23    XL:     5   Next: 96%
Magic:  4/4        EV: 10    Int:  5    God:
Gold:   132        SH:  4    Dex:  9    Spells: 4/4 levels left

rFire   . . .      SeeInvis .   a - +0 war axe {axe}
rCold   . . .      Faith    .   c - +0 buckler
rNeg    + . .      Spirit   .   w - +0 leather armour of the Farmer {Slay+3}
rPois   .          Reflect  .   (helmet restricted)
rElec   .          Harm     .   (no cloak)
rCorr   .          Rampage  .   (no gloves)
Will    .....                   (no boots)
Stlth   +.........              (no amulet)
HPRegen 0.16/turn               o - ring of flight
MPRegen 0.09/turn               g - ring of positive energy

@: flying
A: horns 2, retaliatory headbutt
a: no special abilities


You were on level 4 of the Dungeon.
You visited 1 branch of the dungeon, and saw 4 of its levels.

You collected 132 gold pieces.


Innate Abilities, Weirdness & Mutations

You have a pair of horns on your head.
You reflexively headbutt those who attack you in melee.


   Skills:
 * Level 5.8 Fighting
 * Level 5.1 Axes
 + Level 4.8 Armour
 - Level 3.6 Shields


You had 4 spell levels left.
You didn't know any spells.
Your spell library was empty.

Inventory:

Hand Weapons
 a - a +0 war axe (weapon) {axe}
Missiles
 j - 8 poisoned darts (quivered) {throwing}
 n - 20 stones {throwing}
Armour
 b - a +0 scale mail
 c - a +0 buckler (worn)
 w - the +0 leather armour of the Farmer (worn) {Slay+3}
   (You found it on level 4 of the Dungeon)

   Slay:      It affects your accuracy & damage with ranged weapons and melee
   (+3).
Jewellery
 g - a ring of positive energy (right hand)
   (You found it on level 1 of the Dungeon)
 o - a ring of flight (left hand)
   (You found it on level 2 of the Dungeon)
Wands
 s - a wand of polymorph (5)
   (You found it on level 3 of the Dungeon)
Scrolls
 i - a scroll of magic mapping {unknown}
 m - 3 scrolls of teleportation {unknown}
 p - a scroll of silence {unknown}
 q - a scroll of brand weapon {unknown}
 t - a scroll of poison {unknown}
 x - a scroll of identify {@r1}
Potions
 d - a potion of might
 e - a potion of berserk rage {unknown}
 f - 3 potions of heal wounds {unknown}
 h - 2 potions of brilliance
 k - 2 potions of haste {@q3}
 l - a potion of flight {unknown}
 r - 2 potions of invisibility
 u - a potion of cancellation {unknown}
Miscellaneous
 v - a phantom mirror
   (You found it on level 3 of the Dungeon)

Dungeon Overview and Level Annotations

Branches:
Dungeon (4/15) Zot: 21240
 Temple: D:4-7

Altars:

Annotations:
D:3 1 runed translucent door, qwertyone's ghost, amateur DrCj
D:4 Pikel

### ### ..###.##
#.##...## #.#>....#
#####
#.......#######...#
#####.#.).......#.#
#.#########...# #.#
##@## #'# #K# ...


s55 ... ..... ... #...... #. #.....#. '. ......#.# #. ##.....# # You could see
Pikel, 2 lemures and a scorpion.


Message History

😎 HP[+7]
Your hp is fully restored (50).
An orc wizard comes into view. It is wielding a +0 dagger.
The orc wizard shouts!
There is an escape hatch in the floor here.
The orc wizard casts a spell at you. The magic dart hits you! 😕 HP[-9]
You take 9 damage, and now have 41/50 hp. 😕 HP[+1]
The orc wizard gestures at you while chanting.
The magic dart hits you! 😮 HP[-8]
You take 8 damage, and now have 34/50 hp.
You are too injured to fight recklessly!
You are too injured to fight recklessly!
You are too injured to fight recklessly!
You are too injured to fight recklessly!
You are too injured to fight recklessly!
You are too injured to fight recklessly!
You are too injured to fight recklessly!
You are too injured to fight recklessly!
You are too injured to fight recklessly!
You are too injured to fight recklessly!
You are too injured to fight recklessly!
You are too injured to fight recklessly!
You are too injured to fight recklessly!
You are too injured to fight recklessly!
An orc wizard is nearby!
Unknown command.
The orc wizard hits you but does no damage.
You barely miss the orc wizard. You headbutt the orc wizard.
You block the orc wizard's attack.
The orc wizard mumbles some strange words.
The orc wizard flickers and vanishes!
Deactivating autopickup; reactivate with Ctrl-A.
You miss something. Something hits you but does no damage.
You closely miss something. Something hits you. 😮 HP[-1]
You take 1 damage, and now have 33/50 hp.
You closely miss something. Something hits you but does no damage.
You slash something!
Reactivating autopickup.
You feel a bit more experienced.
x - a scroll of identify {@r1}
Things that are here:
a +0 dagger {short}; a +0 robe; an orc corpse A lemure comes into view.
The lemure shouts!
The lemure moves out of view. 😎 HP[+17]
Your hp is fully restored (50). 2 lemures and a scorpion come into view.
The lemure shouts! x2
The scorpion moves out of view.
Pikel, Merchant of Souls comes into view.
He is wielding a +2 whip of freezing.
Pikel shouts!
You slash the lemure! Your headbutt misses the lemure.
A lemure comes into view.
You slash the lemure! You hit the lemure. You block the lemure's attack.
The lemure hits you. 😕 HP[-3]
You take 3 damage, and now have 47/50 hp.
You slash the lemure! You barely miss the lemure. The lemure barely misses you.
You furiously retaliate!
You headbutt the lemure! You block the lemure's attack.
The lemure hits you. x2 😕 HP[-5]
You take 5 damage, and now have 42/50 hp.
You slash the lemure!
You kill the lemure!
That felt strangely unrewarding.
You hit the lemure. The lemure hits you. 😕 HP[-2]
You take 2 damage, and now have 40/50 hp.
The lemure hits you. You block Pikel's attack. 😮 HP[-4]
You take 4 damage, and now have 36/50 hp.
You barely miss Pikel. You slash the lemure!
You kill the lemure!
That felt strangely unrewarding.
Pikel hits you with a +2 whip of freezing!
Pikel freezes you.
* * * LOW HITPOINT WARNING * * *
😨 HP[-14]
You take 14 damage, and now have 22/50 hp.
MASSIVE DAMAGE!! (PAUSE)
You barely miss Pikel.
Pikel hits you with a +2 whip of freezing!
* * * LOW HITPOINT WARNING * * *
Pikel freezes you.
* * * LOW HITPOINT WARNING * * *
😱 HP[-12]
You take 12 damage, and now have 10/50 hp.
MASSIVE DAMAGE!! (PAUSE)
You barely miss Pikel. You headbutt Pikel.
Pikel hits you with a +2 whip of freezing.
* * * LOW HITPOINT WARNING * * *
Pikel freezes you.
* * * LOW HITPOINT WARNING * * *
Pikel hits you with a +2 whip of freezing!
You die...

Skill      XL: |  1  2  3  4  5 |
---------------+----------------+-----
Fighting       | 4 5 |  5.8
Axes           | 3 4 5 |  5.1
Armour         | 4 |  4.8
Shields        | |  3.6

Action                   |  1- 3 |  4- 6 || total
-------------------------+-------+-------++-------
Melee: War axe           |    81 |    49 ||   130
       Headbutt          |     8 |    10 ||    18
  Use: Scroll            |       |     3 ||     3
Armor: Scale mail        |    33 |    13 ||    46
       Leather armour    |       |     4 ||     4
Dodge: Dodged            |    34 |    24 ||    58
Block: Buckler           |    16 |    14 ||    30

Levels and vault maps discovered:
D:1:      wander_arrival_peaceful_grave, layout_basic,
          dreamdust_ecumenical_altar_sealed_demon, corexii_corridor_pit,
          minmay_stone_trees_medium, hex_large
D:2:      layout_basic, minmay_tromino_v4_b
D:3:      layout_rooms, ebering_ghost_reflecting_pool, minmay_checkerbox
D:4:      layout_loops_corners, uniq_pikel

Notes
Turn   | Place    | Note
-------+----------+-------------------------------------------
     0 | D:1      | Sanktem7 the Minotaur Fighter began the quest for the Orb.
     0 | D:1      | Reached XP level 1. HP: 19/19 MP: 0/0
     0 | D:1      | magus.rc [v1.9.6]
   146 | D:1      | Reached XP level 2. HP: 27/27 MP: 1/1
   159 | D:1      | Reached skill level 4 in Fighting
   209 | D:1      | Reached skill level 3 in Axes
   811 | D:1      | Found a faded altar of an unknown god.
   868 | D:2      | Reached skill level 4 in Armour
   871 | D:2      | Reached XP level 3. HP: 28/33 MP: 2/2
  1595 | D:3      | Found a runed translucent door.
  1622 | D:3      | Reached XP level 4. HP: 41/41 MP: 3/3
  1694 | D:3      | Noticed a scorpion
  1701 | D:3      | Killed a scorpion
  1702 | D:3      | Reached skill level 5 in Fighting
  1702 | D:3      | Reached skill level 4 in Axes
  1779 | D:3      | Reached XP level 5. HP: 39/48 MP: 4/4
  1997 | D:3      | Noticed qwertyone's ghost (amateur DrCj)
  2416 | D:4      | Identified the +0 leather armour of the Farmer {Slay+3}
  2516 | D:4      | Reached skill level 5 in Axes
  2703 | D:4      | Noticed a lemure
  2704 | D:4      | Noticed a lemure
  2704 | D:4      | Noticed a lemure
  2705 | D:4      | Noticed Pikel
  2706 | D:4      | Noticed a lemure
  2709 | D:4      | Killed a lemure
  2711 | D:4      | Killed a lemure
  2712 | D:4      | HP: 12/50 [Pikel/+2 whip of freezing (10)]
  2713 | D:4      | HP: 4/50 [Pikel/+2 whip of freezing (6)]
  2713 | D:4      | Mangled by Pikel

Vanquished Creatures
  2 lemures (D:4)
  A scorpion (D:3)
  A howler monkey (D:4)
  2 orc wizards (D:4)
  4 adders
  A dart slug (D:1)
  7 orcs
  11 ball pythons
  7 endoplasms
  2 giant cockroaches
  4 goblins
  7 hobgoblins
  6 jackals
  4 kobolds
  2 bats
  2 frilled lizards
  9 rats
72 creatures vanquished.

Vanquished Creatures (others)
  2 demonic plants (D:1)
2 creatures vanquished.

Grand Total: 74 creatures vanquished

Table legend:
 A = Non-vault XP
 B = Vault XP
 C = Vault XP percentage of total XP
 D = Non-vault monster count
 E = Vault monster count
 F = Vault count percentage of total count
                 A         B        C        D         E       F
            +---------+---------+-------+---------+---------+-------
      Total |     342 |      32 |   8.6 |      64 |       6 |   8.6
            +---------+---------+-------+---------+---------+-------
        D:1 |      36 |       0 |   0.0 |      19 |       0 |   0.0
        D:2 |      33 |       4 |  10.8 |      14 |       2 |  12.5
        D:3 |     127 |      28 |  18.1 |      23 |       4 |  14.8
        D:4 |     146 |       0 |   0.0 |       8 |       0 |   0.0
            +---------+---------+-------+---------+---------+-------

Illustrated notes

Table legend:
 A = Kills in this place as a percentage of kills in entire the game.
 B = Kills by you in this place as a percentage of kills by you in the entire game.
 C = Kills by friends in this place as a percentage of kills by friends in the entire game.
 D = Other kills in this place as a percentage of other kills in the entire game.
 E = Experience gained in this place as a percentage of experience gained in the entire game.
 F = Experience gained in this place divided by the number of levels of this place that you have seen.
                   A       B       C       D       E      F
               +-------+-------+-------+-------+-------+----------------------
         Total | 100.0 | 100.0 |   N/A |   N/A | 100.0 |  93.5
       Dungeon | 100.0 | 100.0 |   N/A |   N/A | 100.0 |  93.5
               +-------+-------+-------+-------+-------+----------------------

Table legend: (Time is in decaauts)
 A = Elapsed time spent in this place.
 B = Non-inter-level travel time spent in this place.
 C = Inter-level travel time spent in this place.
 D = Time resting spent in this place.
 E = Time spent auto-exploring this place.
 F = Levels seen in this place.
 G = Mean time per level.
                   A        B        C        D        E       F      G
               +--------+--------+--------+--------+--------+-----+--------+
         Total |   2758 |   2706 |     52 |      0 |   2290 |   4 |  689.5 |
       Dungeon |   2758 |   2706 |     52 |      0 |   2290 |   4 |  689.5 |
               +--------+--------+--------+--------+--------+-----+--------+

Top non-repeatable levels by time:
     D:1: 864 daAuts
     D:2: 685 daAuts
     D:4: 612 daAuts
     D:3: 595 daAuts
